 Dungeon Crawl Stone Soup version 0.23-a0-607-g760965b753 (webtiles) character file.

511 Adamkad1 the Shield-Bearer (level 7, -1/36 HPs)
             Began as a Vine Stalker Fighter on Dec 20, 2018.
             Was a Follower of Uskayaw.
             Slain by an ogre
             ... wielding a +0 giant club
              (17 damage)
             ... on level 5 of the Dungeon.
             The game lasted 00:06:55 (3408 turns).

Adamkad1 the Shield-Bearer (Vine Stalker Fighter)   Turns: 3408, Time: 00:06:56

Health: -1/36      AC:  9    Str: 23    XL:     7   Next: 19%
Magic:  0/20       EV:  8    Int: 10    God:    Uskayaw [*.....]
Gold:   207        SH: 10    Dex: 14    Spells: 10/10 levels left

rFire    . . .     SeeInvis .   a - +0 war axe
rCold    . . .     Gourm    .   c - +0 shield
rNeg     . . .     Faith    .   b - +0 scale mail
rPois    .         Spirit   +   s - +1 helmet
rElec    .         Reflect  .   (no cloak)
rCorr    .         Harm     .   (no gloves)
MR       .....                  (no boots)
Stlth    ..........             (no amulet)
HPRegen  0.52/turn              y - ring of magical power
MPRegen  0.17/turn              m - +5 ring of strength

@: no status effects
A: fangs 2, regeneration 1, magic shield, antimagic bite, no potion heal 3, rot
immunity
a: Stomp, Renounce Religion


You were on level 5 of the Dungeon.
You worshipped Uskayaw.
Uskayaw was noncommittal.
You were not hungry.

You visited 2 branches of the dungeon, and saw 6 of its levels.

You collected 207 gold pieces.

Inventory:

Hand Weapons
 a - a +0 war axe (weapon)
Armour
 b - a +0 scale mail (worn)
 c - a +0 shield (worn)
 s - a +1 helmet (worn)
Jewellery
 m - a +5 ring of strength (right hand)
 y - a ring of magical power (left hand)
 A - an uncursed ring of magical power
 C - a +3 ring of dexterity
Wands
 E - a wand of flame (17)
Scrolls
 g - 4 scrolls of amnesia {unknown}
 h - 4 scrolls of teleportation {unknown}
 l - 4 scrolls of remove curse {unknown}
 n - a scroll of magic mapping {unknown}
 o - 2 scrolls of enchant weapon {unknown}
 p - a scroll of fear {unknown}
 r - 2 scrolls of noise {unknown}
 u - 3 scrolls of identify {unknown}
 v - a scroll of immolation {unknown}
 w - a scroll of enchant armour {unknown}
 D - a scroll of torment {unknown}
Potions
 d - a potion of might
 e - 3 potions of curing {unknown}
 i - 2 potions of degeneration {unknown}
 j - a potion of agility {unknown}
 q - a potion of ambrosia {unknown}
 t - a potion of haste {unknown}
 x - a potion of lignification {unknown}
 z - a potion of flight {unknown}
 B - a potion of heal wounds {unknown}
Comestibles
 f - 8 rations
 k - 3 chunks of flesh


   Skills:
 + Level 3.4 Fighting
 + Level 3.5 Axes
 + Level 3.4 Armour
 - Level 0.5 Dodging
 + Level 4.4 Shields
 - Level 2.1 Spellcasting
 * Level 1.7 Invocations


You had 10 spell levels left.
You didn't know any spells.
Your spell library contained the following spells:

 Spells                   Type           Power        Failure   Level  Hunger
 Animate Skeleton         Necr           N/A          97%         1    ##.....
 Apportation              Tloc           #.....       97%         1    ##.....
 Confusing Touch          Hex            #.....       97%         1    ##.....
 Summon Small Mammal      Summ           #...         97%         1    ##.....


Dungeon Overview and Level Annotations

Branches:
Dungeon (5/15)             Temple (1/1) D:4

Altars:
Ashenzari
Cheibriados
Dithmenos
Fedhas
Gozag
Kikubaaqudgha
Makhleb
Nemelex Xobeh
Okawaru
Qazlal
Trog
Uskayaw
Vehumet
Xom
The Shining One
Lugonu

Annotations:
D:4 1 runed door, Dowan, Duvessa, Edmund


Innate Abilities, Weirdness & Mutations

You have extremely sharp teeth.
Your natural rate of healing is unusually fast.
When hurt, damage is shared between your health and your magic reserves.
Your bite disrupts and absorbs the magic of your enemies.
Potions cannot restore your health.
You are immune to rotting.


Message History

No target in view!
You open the door.
An ogre comes into view. It is wielding a +0 giant club.
The ogre shouts!
There is an open door here.
An ogre is nearby!
You hit the ogre. You bite the ogre. You drain its power.
The ogre is moderately wounded.
The ogre hits you with a +0 giant club!!
You hit the ogre. Your bite misses the ogre.
The ogre is moderately wounded.
The ogre hits you with a +0 giant club!
Unknown command.
You slash the ogre!
The ogre is heavily wounded.
You block the ogre's attack.
You hit the ogre.
The ogre is severely wounded.
The ogre hits you with a +0 giant club!!
You die...

...# .. #..# ...
#..####.## ###
#.........
..#######
#.........
.........
+.........
.....###
#.O....... .....#
### #.@.......
.....+ ..#
##'####### .....#
#.# #.# .....# #.#
#.# ####.#####.#
#.# . #.......#
#.#
..##.......#####.#
...........'.....#
...........#######


You could see an ogre.

Vanquished Creatures
  An ogre (D:3)
  A crimson imp (D:2)
  3 hounds
  An orc priest (D:3)
  An orc wizard (D:5)
  A centaur skeleton (D:4)
  2 worker ants (D:4)
  3 adders
  An adder skeleton (D:4)
  3 worms
  A dart slug (D:1)
  7 leopard geckos
  12 orcs
  13 bats
  4 giant cockroaches
  8 goblins
  11 hobgoblins
  10 jackals
  4 kobolds
  A quokka (D:2)
  2 ball pythons
  10 frilled lizards
  A quokka skeleton (D:4)
  14 rats
115 creatures vanquished.

Notes
Turn   | Place    | Note
-------+----------+-------------------------------------------
     0 | D:1      | Adamkad1 the Vine Stalker Fighter began the quest for the
                  | Orb.
     0 | D:1      | Reached XP level 1. HP: 11/11 MP: 2/2
   331 | D:1      | Reached skill level 3 in Shields
   332 | D:1      | Reached XP level 2. HP: 16/16 MP: 3/3
   470 | D:1      | You fall through a shaft!
   487 | D:1      | Reached XP level 3. HP: 8/19 MP: 2/4
   834 | D:1      | Reached skill level 1 in Spellcasting
  1297 | D:1      | Gained mutation: Your natural rate of healing is unusually
                  | fast. [Vine Stalker growth]
  1297 | D:1      | Reached XP level 4. HP: 1/24 MP: 4/6
  1627 | D:2      | Reached XP level 5. HP: 28/28 MP: 6/8
  1782 | D:3      | Found a blossoming altar of Fedhas.
  1844 | D:3      | Found a stormy altar of Qazlal.
  1921 | D:3      | Reached skill level 4 in Shields
  2139 | D:3      | Reached XP level 6. HP: 32/32 MP: 9/9
  2510 | D:3      | Found a burning altar of Makhleb.
  2644 | D:4      | Found a snail-covered altar of Cheibriados.
  2666 | D:4      | Found an ancient bone altar of Kikubaaqudgha.
  2669 | D:4      | Noticed Edmund
  2826 | D:4      | Found a staircase to the Ecumenical Temple.
  2843 | Temple   | Entered the Ecumenical Temple
  2860 | Temple   | Became a worshipper of Uskayaw the Reveler
  2890 | D:4      | Noticed Duvessa
  2890 | D:4      | Noticed Dowan
  2920 | D:3      | Reached * piety under Uskayaw
  2980 | D:4      | Found a runed door.
  3018 | D:4      | Reached ** piety under Uskayaw
  3039 | D:4      | Found a shadowy altar of Dithmenos.
  3091 | D:3      | Reached skill level 1 in Invocations
  3091 | D:3      | Reached XP level 7. HP: 17/36 MP: 8/11
  3303 | D:5      | Entered Level 5 of the Dungeon
  3408 | D:5      | Slain by an ogre

Vault maps used:
D:1:      onia_arrival_mini_spirals, hangedman_decor_lopped,
          chequers_serial_rivers_room_b, serial_bayou_lake_a
D:3:      grunt_qazlal_sundering, makhleb_heckhound_becter,
          overflow_temple_1_default, corexii_item_surrounded_by_moat
D:4:      overflow_temple_1_default, grunt_dithmenos_smoke,
          kennysheep_mini_moat, minmay_temple_entry_offerings, uniq_duvessa,
          uniq_edmund, uniq_crazy_yiuf_cottage
D:5:      lemuel_coloured_pillars_altar, old_standard_altar,
          overflow_temple_1_default, first_ration, nrook_loot_triangle,
          uniq_sigmund
Temple:   corrupted_temple

Skill      XL: |  1  2  3  4  5  6 |
---------------+-------------------+-----
Shields        | 3 4 |  4.4
Axes           | 2 3 |  3.5
Spellcasting   | 1 2 |  2.1
Fighting       | 3 |  3.4
Armour         | 3 |  3.4
Invocations    | 1 |  1.7
Dodging        | |  0.5

Action                   |  1- 3 |  4- 6 |  7- 9 || total
-------------------------+-------+-------+-------++-------
Melee: War axe           |   112 |   204 |    26 ||   342
       Bite              |    22 |    60 |     6 ||    88
  Eat: Chunk             |     1 |     7 |     1 ||     9
Armor: Scale mail        |    65 |   114 |    10 ||   189
Dodge: Dodged            |    50 |    65 |     6 ||   121
Block: Shield            |    76 |   145 |    15 ||   236

Table legend:
 A = Non-vault XP
 B = Vault XP
 C = Vault XP percentage of total XP
 D = Non-vault monster count
 E = Vault monster count
 F = Vault count percentage of total count
                 A         B        C        D         E       F
            +---------+---------+-------+---------+---------+-------
      Total |     688 |      42 |   5.8 |     114 |       1 |   0.9
            +---------+---------+-------+---------+---------+-------
        D:1 |      97 |       0 |   0.0 |      40 |       0 |   0.0
        D:2 |     129 |       0 |   0.0 |      23 |       0 |   0.0
        D:3 |     284 |      42 |  12.9 |      37 |       1 |   2.6
        D:4 |     127 |       0 |   0.0 |      10 |       0 |   0.0
        D:5 |      51 |       0 |   0.0 |       4 |       0 |   0.0
            +---------+---------+-------+---------+---------+-------
